 Dungeon Crawl Stone Soup version 0.29.0-11-gd7f09526c8 (webtiles) character file.

Game seed: 15366243110383901602

60 themarg the Digger (level 4, -1/24 HPs)
             Began as a Gargoyle Earth Elementalist on Sept 2, 2022.
             Frozen to death by an endoplasm (4 damage)
             ... on level 2 of the Dungeon.
             The game lasted 00:04:27 (1225 turns).

themarg the Digger (Gargoyle Earth Elementalist)    Turns: 1225, Time: 00:04:28

Health: -1/24      AC:  5    Str: 12    XL:     4   Next: 4%
Magic:  5/8        EV: 11    Int: 17    God:
Gold:   50         SH:  0    Dex: 10    Spells: 8/9 levels left

rFire   . . .      SeeInvis .   e - +0 whip
rCold   . . .      Faith    .   (no shield)
rNeg    + . .      Spirit   .   a - +0 robe
rPois   ∞          Reflect  .   (no helmet)
rElec   +          Harm     .   (no cloak)
rCorr   .          Rampage  .   (no gloves)
Will    .....                   (no boots)
Stlth   ++........              (no amulet)
HPRegen 0.08/turn               (no ring)
MPRegen 0.11/turn               (no ring)

@: no status effects
A: sickness immunity, AC +3, negative energy resistance 1, electricity
resistance, torment resistance 1, petrification resistance
a: no special abilities


You were on level 2 of the Dungeon.
You visited 1 branch of the dungeon, and saw 2 of its levels.

You collected 50 gold pieces.

Inventory:

Hand Weapons
 d - a +0 dagger
 e - a +0 whip (weapon)
Missiles
 f - 4 atropa-tipped darts
Armour
 a - a +0 robe (worn)
Wands
 o - a wand of roots (8)
Scrolls
 g - a scroll of poison {unknown}
 h - 2 scrolls of identify {unknown}
 j - 2 scrolls of teleportation {unknown}
 l - a scroll of blinking {unknown}
 n - a scroll of noise {unknown}
Potions
 b - a potion of magic
 c - 3 potions of lignification {unknown}
 i - a potion of flight {unknown}
 k - 2 potions of curing {unknown}
 m - a potion of mutation {unknown}


   Skills:
 - Level 1.5 Dodging
 - Level 2.3 Stealth
 + Level 3.1 Spellcasting
 - Level 0.7 Transmutations
 + Level 4.7 Earth Magic


You had 8 spell levels left.
You knew the following spells:

 Your Spells              Type           Power      Damage    Failure   Level
a - Sandblast             Erth           36%        2d10      2%          1

Your spell library contained the following spells:

 Spells                   Type           Power      Damage    Failure   Level
 Passwall                 Tmut/Erth      9%         N/A       9%          2
 Stone Arrow              Conj/Erth      20%        3d8       21%         3
 Petrify                  Tmut/Erth      11%        N/A       50%         4


Dungeon Overview and Level Annotations

Branches:
Dungeon (2/15)

Altars:

Shops:
D:1 *


Innate Abilities, Weirdness & Mutations

You are immune to sickness and miasma.
Your stone body is resilient. (AC +3)
You are immune to poison.
You resist negative energy. (rN+)
You are resistant to electric shocks. (rElec)
You are resistant to unholy torment.
You are immune to petrification.


Message History

You kill the bat!
The adder barely misses you. x2
A goblin comes into view. It is wielding a +2 dagger of venom.
The adder attacks as you move away! The adder barely misses you.
The endoplasm attacks as you move away! The endoplasm hits you.
The adder barely misses you.
You closely miss the adder. The endoplasm freezes you.
You are frozen.
The adder barely misses you.
You closely miss the adder. Your punch misses the adder.
The adder barely misses you.
The frilled lizard hisses.
The endoplasm freezes you.
You are frozen.
You barely miss the adder. The adder barely misses you.
The endoplasm hits you but does no damage.
The adder barely misses you.
You hit the adder but do no damage. The endoplasm barely misses you.
The adder barely misses you.
You completely miss the adder. The adder bites you but does no damage.
The endoplasm barely misses you. The adder bites you.
You closely miss the adder. The endoplasm misses you. The adder bites you.
The endoplasm freezes you.
You are frozen.
* * * LOW HITPOINT WARNING * * *
You miss the adder. The adder bites you but does no damage.
The endoplasm hits you but does no damage.
The adder bites you but does no damage.
You hit the adder.
The adder is lightly wounded.
The adder bites you but does no damage. The endoplasm freezes you.
You are frozen.
* * * LOW HITPOINT WARNING * * *
You hit the adder.
The adder is moderately wounded.
The adder barely misses you. The endoplasm freezes you.
You are frozen.
You die...

. #.. ####....#
.. #..## ####.#
... #...# ###†..#
....#...#
##.....#
......###......#
#.†..##..###.#
#...g#...###.#
###..lJ#...##..#
......gS@.......#
#####.###########
#. .. .## .. ##


You could see an adder, an endoplasm, a hobgoblin, a goblin and a frilled
lizard.

Vanquished Creatures
  A hound (D:1)
  A dart slug (D:2)
  3 ball pythons
  2 endoplasms (D:1)
  A giant cockroach (D:1)
  3 goblins (D:1)
  4 hobgoblins
  3 quokkas
  2 bats
  2 frilled lizards (D:2)
  A kobold (D:1)
  2 rats (D:1)
25 creatures vanquished.

Notes
Turn   | Place    | Note
-------+----------+-------------------------------------------
     0 | D:1      | themarg the Gargoyle Earth Elementalist began the quest for
                  | the Orb.
     0 | D:1      | Reached XP level 1. HP: 10/10 MP: 3/3
   123 | D:1      | Found Hashrauzia's General Store.
   161 | D:1      | Reached XP level 2. HP: 7/15 MP: 0/5
   567 | D:1      | Reached skill level 4 in Earth Magic
   927 | D:1      | Reached XP level 3. HP: 19/19 MP: 1/7
  1214 | D:2      | Reached XP level 4. HP: 24/24 MP: 5/8
  1225 | D:2      | Frozen to death by an endoplasm

Illustrated notes

Levels and vault maps discovered:
D:1:      lemuel_arrival_funnel, layout_loops_ring, serial_shops,
          nicolae_shop_stone
D:2:      minmay_recursive_quarters, layout_rooms,
          shapermc_ecumenical_altar_mp_vishouse, roderic_lattice_a,
          lemuel_flame_loot_1

Skill      XL: |  1  2  3 |
---------------+----------+-----
Earth Magic    | 4 |  4.7
Spellcasting   | 3 |  3.1
Dodging        | |  1.5
Stealth        | |  2.3
Transmutations | |  0.7

Action                   |  1- 3 |  4- 6 || total
-------------------------+-------+-------++-------
Melee: Whip              |     8 |     9 ||    17
 Cast: Sandblast         |    32 |     1 ||    33
Armor: Robe              |     5 |     6 ||    11
Dodge: Dodged            |    15 |    13 ||    28
